 Dungeon Crawl Stone Soup version 0.28-a0-1518-gbe868bca14 (webtiles) character file.

Game seed: 11340111331185536623

268 croobank the Skirmisher (level 6, -1/56 HPs)
             Began as a Minotaur Berserker on Jan 16, 2022.
             Was a Priest of Trog.
             Killed from afar by an orc wizard (9 damage)
             ... with a puff of flame
             ... on level 3 of the Dungeon.
             The game lasted 00:09:36 (3150 turns).

croobank the Skirmisher (Minotaur Berserker)        Turns: 3150, Time: 00:09:36

Health: -1/56      AC:  3    Str: 23    XL:     6   Next: 0%
Magic:  5/5        EV: 12    Int:  4    God:    Trog [***...]
Gold:   145        SH:  0    Dex: 10    Spells: 5/5 levels left

rFire   . . .      SeeInvis .   a - +0 war axe
rCold   . . .      Faith    .   (no shield)
rNeg    . . .      Spirit   .   l - +0 leather armour
rPois   .          Reflect  .   (helmet restricted)
rElec   .          Harm     .   (no cloak)
rCorr   .          Rampage  .   (no gloves)
Will    ++...                   (no boots)
Stlth   +.........              (no amulet)
HPRegen 1.18/turn               (no ring)
MPRegen 0.09/turn               (no ring)

@: strong-willed (expiring), regenerating (expiring)
A: horns 2, retaliatory headbutt
a: Renounce Religion, Berserk, Trog's Hand


You were on level 3 of the Dungeon.
You worshipped Trog.
Trog was most pleased with you.
You visited 1 branch of the dungeon, and saw 3 of its levels.

You collected 145 gold pieces.

Inventory:

Hand Weapons
 a - a +0 war axe (weapon)
 b - a +0 hunting sling
 g - a +2 whip of venom
 i - a +1 dagger of speed
 n - a +0 hand axe
 s - a +2 dagger of protection
Missiles
 c - 73 stones (quivered)
 k - 14 arrows
 o - 6 poisoned darts
Armour
 d - a +0 animal skin
 l - a +0 leather armour (worn)
Potions
 j - a potion of cancellation {unknown}
 r - a potion of mutation {unknown}


   Skills:
 + Level 5.1 Fighting
 + Level 5.1 Axes
 + Level 4.3 Armour
 + Level 3.8 Dodging


You had 5 spell levels left.
You didn't know any spells.
Your spell library was empty.

Dungeon Overview and Level Annotations

Branches:
Dungeon (3/15)

Altars:


Innate Abilities, Weirdness & Mutations

You have a pair of horns on your head.
You reflexively headbutt those who attack you in melee.


Message History

The orc wizard hits you with a +0 dagger.
* * * LOW HITPOINT WARNING * * *
Something hits you.
* * * LOW HITPOINT WARNING * * *
Your skin crawls.
You feel strong-willed. Something hits you.
* * * LOW HITPOINT WARNING * * *
The orc wizard hits you with a +0 dagger.
* * * LOW HITPOINT WARNING * * *
You hear some strange, mumbled words.
Something tries to affect you, but you resist.
You hit something but do no damage. You hit the orc wizard.
The orc wizard hits you but does no damage.
Something hits you.
* * * LOW HITPOINT WARNING * * *
You slash the orc wizard!
You kill the orc wizard!
Trog accepts your kill.
Trog appreciates your killing of a magic user.
You closely miss something. Something hits you.
* * * LOW HITPOINT WARNING * * *
Something hits you but does no damage.
You have reached level 6!
You closely miss something. You headbutt something. Something hits you.
* * * LOW HITPOINT WARNING * * *
Something hits you but does no damage.
You barely miss something. Something hits you.
* * * LOW HITPOINT WARNING * * *
You miss something. Your headbutt misses something.
Something hits you but does no damage. Something hits you.
* * * LOW HITPOINT WARNING * * *
You hit something. Something hits you but does no damage. Something hits you.
* * * LOW HITPOINT WARNING * * *
You hit something but do no damage.
You feel the effects of Trog's Hand fading.
You hear some strange, mumbled words.
A puff of flame appears from out of thin air!
The puff of flame hits you!
You die...

###.#....... .# .# #
............ .. .#.#
#.###.###.## .##>#.
...##.# #.# .....
......# #.# ##.#..
...##.# #.# #..#.#
..###.###.###.##.#
...............{.###
.###.†#.######.#@).#
. #..#.# #.#.).###.#
. ....#.#
#.#.......#
..##.##.#
#.##.##..#.# . #.
#.# ...#.# ..... #.
... .#.#.# ##.#. ##
#.# #. .#.# .. ...
## ##.# o ... ..


There were no monsters in sight!

Vanquished Creatures
  A hound (D:3)
  Jessica (D:3)
  2 orc wizards (D:3)
  8 adders
  A gnoll (D:1)
  A worm (D:2)
  A dart slug (D:2)
  5 orcs (D:3)
  8 endoplasms
  2 giant cockroaches
  8 goblins
  5 hobgoblins
  3 jackals (D:2)
  7 kobolds
  3 quokkas
  3 ball pythons
  6 bats
  4 frilled lizards
  4 rats
73 creatures vanquished.

Notes
Turn   | Place    | Note
-------+----------+-------------------------------------------
     0 | D:1      | croobank the Minotaur Berserker began the quest for the
                  | Orb.
     0 | D:1      | Reached XP level 1. HP: 19/19 MP: 0/0
   532 | D:1      | Reached XP level 2. HP: 21/27 MP: 1/1
  1013 | D:1      | Reached XP level 3. HP: 19/33 MP: 2/2
  1435 | D:2      | Reached ** piety under Trog
  1612 | D:2      | Reached XP level 4. HP: 16/41 MP: 3/3
  2847 | D:3      | Noticed Jessica
  2865 | D:3      | Reached XP level 5. HP: 24/47 MP: 4/4
  3024 | D:3      | Killed Jessica
  3024 | D:3      | Reached *** piety under Trog
  3025 | D:3      | Reached skill level 5 in Fighting
  3025 | D:3      | Reached skill level 5 in Axes
  3146 | D:3      | Reached XP level 6. HP: 11/56 MP: 5/5
  3150 | D:3      | Killed from afar by an orc wizard

Illustrated notes

Levels and vault maps discovered:
D:1:      kilobyte_arrival_exit_the_forest, layout_basic
D:2:      layout_basic, hex_intersection, minmay_randomly_rotated_circles
D:3:      layout_loops_ring, uniq_jessica

Skill      XL: |  1  2  3  4  5 |
---------------+----------------+-----
Fighting       | 4 5 |  5.1
Axes           | 4 5 |  5.1
Armour         | 3 4 |  4.3
Dodging        | 3 |  3.8

Action                   |  1- 3 |  4- 6 || total
-------------------------+-------+-------++-------
Melee: Hand axe          |    22 |       ||    22
       Headbutt          |    12 |    11 ||    23
       Whip              |    51 |    39 ||    90
       War axe           |       |    52 ||    52
Invok: Trog's Hand       |       |     1 ||     1
  Use: Scroll            |       |     5 ||     5
       Potion            |       |     1 ||     1
Armor: Animal skin       |     3 |       ||     3
       Leather armour    |     4 |    16 ||    20
Dodge: Dodged            |    39 |    70 ||   109

Table legend: (Time is in decaauts)
 A = Elapsed time spent in this place.
 B = Non-inter-level travel time spent in this place.
 C = Inter-level travel time spent in this place.
 D = Time resting spent in this place.
 E = Time spent auto-exploring this place.
 F = Levels seen in this place.
 G = Mean time per level.
                   A        B        C        D        E       F      G
               +--------+--------+--------+--------+--------+-----+--------+
         Total |   3180 |   3142 |     38 |    581 |   2014 |   3 | 1060.0 |
       Dungeon |   3180 |   3142 |     38 |    581 |   2014 |   3 | 1060.0 |
               +--------+--------+--------+--------+--------+-----+--------+

Top non-repeatable levels by time:
     D:2: 1621 daAuts
     D:1: 1390 daAuts
     D:3: 168 daAuts
